cohdb
Replays
Latest Replays
All Replays
Popular Replays
Top Player Replays
Match Explorer
How It Works
Community
CoH3 Stats
Reddit
Sign in to upload your games and track your stats! →
Sign in with Steam
Match 41690213
Unlisted
Match 41690213
Overview
Messages
Build Orders
End
Construct Section Command Post
Royal Engineer Section
Selects Air and Sea Battlegroup
Infantry Section
Grenade Package
Infantry Section
Vickers Machine Gun Team
Construct Platoon Command Post
Construct Field Infirmary
Selects Commando Section Paradrop
Commando Section Paradrop
Construct Company Command Post
Selects Naval Blockade
Selects UNKNOWN (223837)
Crusader II Medium Tank
Foot Guards Section
Matilda II Heavy Tank
Centaur IV Medium Tank
matjouz
Sarmynation
Mateusz
gdrong
0
0
Comments
sign in to comment!
No comments posted yet!